 Dungeon Crawl Stone Soup version 0.21-a0-426-g98080a9 (webtiles) character file.

783 tof the Slasher (level 7, -3/61 HPs)
             Began as a Minotaur Berserker on Nov 6, 2017.
             Was an Elder of Trog.
             Slain by a worker ant (6 damage)
             ... on level 4 of the Dungeon.
             The game lasted 00:05:41 (3865 turns).

tof the Slasher (Minotaur Berserker)                Turns: 3865, Time: 00:05:42

Health: -3/61      AC:  6    Str: 21    XL:     7   Next: 55%
Magic:  6/6        EV: 13    Int:  4    God:    Trog [****..]
Gold:   11         SH:  0    Dex: 12    Spells: 6/6 levels left

rFire    . . .     SeeInvis .   b - +2 short sword (venom)
rCold    . . .     Gourm    .   (no shield)
rNeg     . . .     Faith    .   f - +0 ring mail
rPois    .         Spirit   .   (helmet restricted)
rElec    .         Reflect  .   (no cloak)
rCorr    .         Harm     .   (no gloves)
MR       .....                  (no boots)
Stlth    +.........             (no amulet)
HPRegen  0.20/turn              (no ring)
MPRegen  0.10/turn              (no ring)

@: lethally poisoned (-3 -> -5)
A: retaliatory headbutt, horns 2
a: Berserk, Trog's Hand, Brothers in Arms, Burn Spellbooks, Renounce Religion


You were on level 4 of the Dungeon.
You worshipped Trog.
Trog was greatly pleased with you.
You were not hungry.

You visited 1 branch of the dungeon, and saw 4 of its levels.

You collected 143 gold pieces.
You spent 132 gold pieces at shops.

Inventory:

Hand Weapons
 a - a +0 falchion
 b - a +2 short sword of venom (weapon)
Missiles
 g - 12 tomahawks (quivered)
Armour
 f - a +0 ring mail (worn)
Scrolls
 d - a scroll of amnesia {unknown}
 e - a scroll of magic mapping {unknown}
 j - a scroll of fear {unknown}
 m - a scroll of random uselessness {unknown}
 n - a scroll of enchant armour {unknown}
 o - a scroll of remove curse {unknown}
 r - a scroll of identify {unknown}
 s - a scroll of teleportation {unknown}
Potions
 h - 2 potions of curing
 k - a potion of lignification {unknown}
 l - 3 potions of flight
 p - a potion of berserk rage
 t - a potion of heal wounds
Comestibles
 c - 2 bread rations
 i - 3 royal jellies
 q - 7 chunks of flesh


   Skills:
 + Level 5.5 Fighting
 * Level 6.9 Long Blades
 + Level 3.1 Throwing
 + Level 4.6 Armour
 + Level 4.3 Dodging


You had 6 spell levels left.
You didn't know any spells.

Dungeon Overview and Level Annotations

Branches:
Dungeon (4/15)
 Temple: D:4-7

Altars:
Okawaru
Xom
The Shining One

Shops:
D:4 !


Innate Abilities, Weirdness & Mutations

You reflexively headbutt those who attack you in melee.
You have a pair of horns on your head.


Message History

The orc wizard gestures at you while chanting.
The magic dart hits you!
* * * LOW HITPOINT WARNING * * *
You closely miss the orc wizard. Your headbutt misses the orc wizard.
The orc wizard is severely wounded.
The quokka misses you. The worker ant barely misses you.
The orc wizard hits you but does no damage.
You closely miss the orc wizard.
The orc wizard is severely wounded.
The quokka completely misses you. The worker ant bites you.
* * * LOW HITPOINT WARNING * * *
You are poisoned.
The worker ant poisons you!
The orc wizard hits you but does no damage.
You completely miss the orc wizard.
The orc wizard is severely wounded.
* * * LOW HITPOINT WARNING * * *
You feel sick. The quokka closely misses you. You furiously retaliate!
You headbutt the quokka. The worker ant bites you.
You die...

#.$...# ########
#...).#######......###
#.....+............'..
####.....###.##.......###
...).>..)+............'..
......)..###.##.......###
.............##.......#
.......ra######.#######
...####o@# #.# . +..<..#
#.# ###..## #.# #... ..#
#.## ### #+


You could see a worker ant, an orc wizard and a quokka.

Vanquished Creatures
  Menkaure (D:4)
  The ghost of Autsider the Magician, an amateur DrWz (D:3)
  2 ogres (D:4)
  A hound (D:4)
  An orc priest (D:4)
  2 worker ants (D:4)
  A hound skeleton (D:4)
  Robin (D:2)
  3 gnolls (D:2)
  7 adders
  A worm (D:2)
  2 dart slugs (D:2)
  A leopard gecko (D:4)
  18 orcs
  5 ball pythons
  2 giant cockroaches
  20 goblins
  9 hobgoblins
  8 jackals
  A quokka (D:2)
  7 bats
  3 frilled lizards
  5 kobolds
  A quokka skeleton (D:4)
  21 rats
124 creatures vanquished.

Notes
Turn   | Place    | Note
-------+----------+-------------------------------------------
     0 | D:1      | tof the Minotaur Berserker began the quest for the Orb.
     0 | D:1      | Reached XP level 1. HP: 19/19 MP: 0/0
   582 | D:1      | Reached XP level 2. HP: 27/27 MP: 1/1
   591 | D:1      | Reached skill level 4 in Long Blades
   749 | D:1      | Reached ** piety under Trog
  1093 | D:2      | Found a shimmering altar of Xom.
  1101 | D:2      | Reached XP level 3. HP: 31/33 MP: 2/2
  1113 | D:2      | Found a glowing golden altar of the Shining One.
  1114 | D:2      | Noticed Robin
  1125 | D:2      | Reached skill level 1 in Throwing
  1135 | D:2      | Killed Robin
  1316 | D:2      | Reached XP level 4. HP: 34/40 MP: 3/3
  1504 | D:2      | Reached *** piety under Trog
  1515 | D:2      | Reached skill level 5 in Long Blades
  1803 | D:2      | Reached XP level 5. HP: 44/46 MP: 4/4
  2127 | D:3      | Noticed Autsider's ghost (amateur DrWz)
  2138 | D:3      | Killed Autsider's ghost
  2138 | D:3      | Reached XP level 6. HP: 53/53 MP: 5/5
  2578 | D:3      | Found an iron altar of Okawaru.
  3175 | D:4      | Reached skill level 6 in Long Blades
  3176 | D:4      | Reached **** piety under Trog
  3226 | D:4      | Found Foboeb's Distillery.
  3232 | D:4      | Bought a potion of flight for 36 gold pieces
  3232 | D:4      | Bought a potion of curing for 36 gold pieces
  3232 | D:4      | Bought a potion of heal wounds for 60 gold pieces
  3260 | D:4      | Reached skill level 5 in Fighting
  3264 | D:4      | Reached XP level 7. HP: 38/61 MP: 6/6
  3473 | D:4      | Noticed Menkaure
  3565 | D:4      | Killed Menkaure
  3864 | D:4      | HP: 3/61 [worker ant (4)]
  3865 | D:4      | Slain by a worker ant

Vault maps used:
D:1:      lightli_arrival_windingriver, minmay_rat_gold_closets
D:2:      grunt_temple_overflow_open, first_bread, minivault_23, uniq_robin
D:3:      marbit_many_paths
D:4:      serial_shops, nicolae_shop_trees, uniq_menkaure

Skill      XL: |  1  2  3  4  5  6  7 |
---------------+----------------------+-----
Long Blades    | 4 5 6 |  6.9
Armour         | 3 4 |  4.6
Throwing       | 1 2 3 |  3.1
Fighting       | 4 5 |  5.5
Dodging        | 3 4 |  4.3

Action                   |  1- 3 |  4- 6 |  7- 9 || total
-------------------------+-------+-------+-------++-------
Melee: Falchion          |    40 |       |       ||    40
       Headbutt          |     9 |    21 |     7 ||    37
       Short sword       |    23 |   132 |    36 ||   191
Invok: Berserk           |     1 |     1 |     1 ||     3
       Trog's Hand       |       |     1 |     1 ||     2
  Eat: Chunk             |     2 |     7 |     1 ||    10
       Bread ration      |       |       |     1 ||     1
Armor: Ring mail         |    23 |    35 |    15 ||    73
       Animal skin       |     2 |       |       ||     2
Dodge: Dodged            |    50 |   102 |    37 ||   189
       Rpst.: Falchion   |     7 |       |       ||     7

Table legend:
 A = Spawn XP
 B = Non-spawn XP
 C = Spawn XP percentage of total XP
 D = Spawn monster count
 E = Non-spawn monster count
 F = Spawn count percentage of total count
 G = Total turns spent on level
                    A         B        C        D         E        F      G
               +---------+---------+-------+---------+---------+-------+---------
         Total |       0 |    1119 |   0.0 |       0 |     124 |   0.0 |  3865
               +---------+---------+-------+---------+---------+-------+---------
           D:1 |       0 |      38 |   0.0 |       0 |      26 |   0.0 |  1092
           D:2 |       0 |     169 |   0.0 |       0 |      44 |   0.0 |  1035
           D:3 |       0 |     272 |   0.0 |       0 |      32 |   0.0 |   939
           D:4 |       0 |     640 |   0.0 |       0 |      22 |   0.0 |   799
               +---------+---------+-------+---------+---------+-------+---------
